 Dungeon Crawl Stone Soup version 0.31-a0-44-g49d609d0da (webtiles) character file.

Game seed: 4742719950081012463

131 pk666 the Magician (level 4, -2/24 HPs)
             Began as a Deep Elf Fire Elementalist on May 20, 2023.
             Slain by a lemure (4 damage)
             ... led by Pikel
             ... on level 3 of the Dungeon.
             The game lasted 00:03:59 (3185 turns).

pk666 the Magician (Deep Elf Fire Elementalist)     Turns: 3185, Time: 00:03:59

Health: -2/24      AC:  2    Str:  5    XL:     4   Next: 91%
Magic:  0/12       EV: 14    Int: 22    God:
Gold:   118        SH:  0    Dex: 21    Spells: 8/11 levels left

rFire   + + .        k - staff of fire
rCold   + . .        (no shield)
rNeg    . . .        a - +0 robe
rPois   .            (no helmet)
rElec   .            s - scarf {rC+ rF+}
rCorr   +            (no gloves)
SInv    .            (no boots)
Will    .....        (no amulet)
Stlth   ++           i - ring of resist corrosion
HPRegen 0.24/turn    r - +6 ring of dexterity
MPRegen 0.13/turn

%: no passive effects
@: no status effects
A: no striking features
a: no special abilities


You were on level 3 of the Dungeon.
You visited 1 branch of the dungeon, and saw 4 of its levels.

You collected 118 gold pieces.

Inventory:

Armour
 a - a +0 robe (worn)
 s - a scarf of resistance (worn)
Magical Staves
 k - a staff of fire (weapon)
Jewellery
 i - a ring of resist corrosion (left hand)
 r - a +6 ring of dexterity (right hand)
Wands
 j - a wand of digging (4)
Scrolls
 c - a scroll of teleportation {unknown}
 d - 4 scrolls of identify {unknown}
 e - a scroll of fog {unknown}
 f - 2 scrolls of magic mapping {unknown}
 m - a scroll of acquirement {unknown}
 n - 3 scrolls of fear {unknown}
 o - a scroll of vulnerability {unknown}
 p - a scroll of amnesia {unknown}
 q - a scroll of butterflies {unknown}
Potions
 b - a potion of magic
 g - a potion of heal wounds
 l - a potion of cancellation {unknown}


   Skills:
 + Level 3.7 Dodging
 - Level 2.4 Stealth
 + Level 4.3 Spellcasting
 + Level 2.6 Conjurations
 + Level 4.2 Fire Magic


You had 8 spell levels left.
You knew the following spells:

 Your Spells              Type           Power      Damage    Failure   Level
a - Foxfire               Conj/Fire      100%       2x1d9     2%          1
b - Scorch                Fire           68%        2d7       3%          2

Your spell library contained the following spells:

 Spells                   Type           Power      Damage    Failure   Level
 Sting                    Tmut/Pois      16%        1d3       11%         1
 Inner Flame              Hex/Fire       21%        N/A       14%         3
 Volatile Blastmotes      Fire/Tloc      42%        2d13      14%         3
 Poisonous Vapours        Pois/Air       8%         N/A       16%         2
 Flame Wave               Conj/Fire      29%        2d9       26%         4
 Fulminant Prism          Conj/Hex       5%         3d7       52%         4
 Iskenderun's Mystic Bla  Conj/Tloc      10%        2d4       52%         4
 Olgreb's Toxic Radiance  Pois           4%         N/A       71%         4
 Lee's Rapid Deconstruct  Erth           2%         3d4*      96%         5
 Summon Cactus Giant      Summ           2%         N/A       100%        6


Dungeon Overview and Level Annotations

Branches:
Dungeon (4/15)
 Temple: D:4-7

Altars:
Elyvilon
Makhleb
Okawaru
Trog
The Shining One

Annotations:
D:4 Pikel


Message History

There is not enough space to conjure foxfire!
You are too injured to fight recklessly!
Casting: Foxfire (safe; 2% risk of failure)
Confirm with . or Enter, or press ? or * to list all spells.
You feel a surge of power!
Flames lash the lemure.
The lemure is moderately wounded.
The lemure's fire resistance burns away.
The lemure misses you. The lemure hits you!
* * * LOW HITPOINT WARNING * * *
Casting: Scorch (safe; 3% risk of failure)
Confirm with . or Enter, or press ? or * to list all spells.
You feel a surge of power!
Flames lash the lemure.
The lemure is burned terribly!
The lemure is heavily wounded.
The lemure barely misses you. The lemure hits you but does no damage.
Casting: Scorch (safe; 3% risk of failure)
Confirm with . or Enter, or press ? or * to list all spells.
You feel a surge of power!
Flames lash the lemure.
The lemure is burned terribly!
You kill the lemure!
That felt strangely unrewarding.
The lemure closely misses you.
Casting: Scorch (safe; 3% risk of failure)
Confirm with . or Enter, or press ? or * to list all spells.
You feel a surge of power!
Flames lash the lemure.
The lemure is burned terribly!
The lemure is almost dead.
The lemure hits you but does no damage.
Casting: Scorch (safe; 3% risk of failure)
Confirm with . or Enter, or press ? or * to list all spells.
You don't have enough magic to cast this spell.
Casting: Scorch (safe; 3% risk of failure)
Confirm with . or Enter, or press ? or * to list all spells.
You feel a surge of power!
You conjure some foxfire!
The lemure hits you.
* * * LOW HITPOINT WARNING * * *
The foxfire hits the lemure.
The lemure is burned terribly!
The lemure is almost dead.
The lemure hits you.
* * * LOW HITPOINT WARNING * * *
The lemure hits you.
You die...

#.##.#.##.###
#.##.#.##.#.##
#.##.#.##..#.##
####.##.#.#..###)##
#....##.#..)## ##.######
#.#####.###..###.>......
#.# #.# ##..#.##......
#<# #.# #.###########
#.# #@####..#.......##
#.# #>5.....#......#.#
#.#############......###
#.#...........#..).##)..
#.#.###########...#.#...
#.#.# #...###.)) #.#.#
#.##÷....) #.#.#
##[#.÷.... #.#.#
###.)....


You could see a lemure (combustible).

Vanquished Creatures
  A lemure (D:3)
  Natasha (D:2)
  3 gnolls (D:3)
  2 adders (D:3)
  2 worms (D:3)
  3 dart slugs
  An orc (D:3)
  4 bats
  An endoplasm (D:1)
  A giant cockroach (D:4)
  10 hobgoblins
  3 ball pythons
  13 frilled lizards
  2 goblins
  4 kobolds
  4 rats
55 creatures vanquished.

Vanquished Creatures (collateral kills)
  A foxfire (D:1)
1 creature vanquished.

Vanquished Creatures (others)
  155 foxfires
155 creatures vanquished.

Grand Total: 211 creatures vanquished

Notes
Turn   | Place    | Note
-------+----------+-------------------------------------------
     0 | D:1      | pk666 the Deep Elf Fire Elementalist began the quest for
                  | the Orb.
     0 | D:1      | Reached XP level 1. HP: 10/10 MP: 6/6
   366 | D:1      | Reached XP level 2. HP: 11/15 MP: 4/8
   369 | D:1      | Learned a level 2 spell: Scorch
  1391 | D:2      | Found a glowing golden altar of the Shining One.
  1527 | D:2      | Reached XP level 3. HP: 19/19 MP: 6/10
  1912 | D:3      | Noticed Natasha
  1977 | D:2      | Killed Natasha
  2057 | D:3      | Found a bloodstained altar of Trog.
  2289 | D:3      | Found an iron altar of Okawaru.
  2327 | D:3      | Reached XP level 4. HP: 24/24 MP: 8/11
  2520 | D:3      | Found a burning altar of Makhleb.
  3126 | D:4      | Noticed a scorpion
  3148 | D:4      | Found a white marble altar of Elyvilon.
  3166 | D:4      | Noticed a lemure
  3166 | D:4      | Noticed a lemure
  3166 | D:4      | Noticed a lemure
  3169 | D:4      | Noticed Pikel
  3181 | D:3      | Killed a lemure
  3185 | D:3      | Slain by a lemure

Illustrated notes

Levels and vault maps discovered:
D:1:      shiori_arrival_oz, layout_basic, serial_bayou, serial_bayou_lagoon_b,
          serial_bayou_shore_b, serial_bayou_crossing, serial_bayou_lagoon_a,
          kennysheep_decorative_pillar, hex_intersection, minmay_lizard_king
D:2:      layout_rooms, basic_altar
D:3:      minmay_chambers_of_threes, layout_loops_ring, old_standard_altar,
          mainiacjoe_overflow_brackets, mainiacjoe_overflow_catwalk,
          uniq_natasha
D:4:      layout_basic, elyvilon_altar_5, minmay_temple_entry_overgrown,
          gup_sewer_entry_glass, hangedman_minor_gate_pass, uniq_pikel

Skill      XL: |  1  2  3  4 |
---------------+-------------+-----
Dodging        | 3 |  3.7
Conjurations   | 2 |  2.6
Spellcasting   | 4 |  4.3
Fire Magic     | 4 |  4.2
Stealth        | |  2.4

Action                     |  1- 3 |  4- 6 || total
---------------------------+-------+-------++-------
   Cast: Foxfire           |    76 |    24 ||   100
         Scorch            |     2 |     8 ||    10
 Armour: Robe              |     2 |     5 ||     7
  Dodge: Dodged            |    11 |    11 ||    22

Table legend: (Time is in decaauts)
 A = Elapsed time spent in this place.
 B = Non-inter-level travel time spent in this place.
 C = Inter-level travel time spent in this place.
 D = Time resting spent in this place.
 E = Time spent auto-exploring this place.
 F = Levels seen in this place.
 G = Mean time per level.
                   A        B        C        D        E       F      G
               +--------+--------+--------+--------+--------+-----+--------+
         Total |   3219 |   3040 |    179 |    234 |   2450 |   4 |  804.8 |
       Dungeon |   3219 |   3040 |    179 |    234 |   2450 |   4 |  804.8 |
               +--------+--------+--------+--------+--------+-----+--------+

Top non-repeatable levels by time:
     D:1: 1387 daAuts
     D:3: 1119 daAuts
     D:2: 679 daAuts
     D:4: 32 daAuts
